Unix NetHack Version 5.0.0-0 post-release - last build May  4 2026 22:22:43 (774f63e81ad911689b3a0859ea89b322d5daca8d,branch:main).

Game began 2026-05-07 05:36:32, ended 2026-05-07 06:11:27.

01246791210, neutral male human Barbarian

                                                         --------------
                                                         |...?........|
                                                         |...........<|
                                                     ####..........h..|
                                    ...C......        #  ----------|---
                                     -- --                         #
                                                                  #@
                                                                  B

01246791210 the Pillager   St:18/01 Dx:17 Co:18 In:7 Wi:7 Ch:7  Neutral
Dlvl:5  $:80 HP:0(45) Pw:11(11) AC:7  Xp:5 T:3462  Hungry  

Latest messages:
 The giant ant bites!
 The giant ant bites!
 You kill the giant ant!
 You see here a giant ant corpse.
 You see here a giant ant corpse.
 You have a little trouble lifting a giant ant corpse.  Continue? [ynq] (q) y
 You have a little trouble lifting y - a giant ant corpse.
 Your movements are slowed slightly because of your load.
 What do you want to eat? [y or ?*] y
 This giant ant corpse is tough.
 Your movements are now unencumbered.
 A gray stone misses you.
 You stop eating the giant ant corpse.
 You are hit by a gray stone!
 The hobbit swings his sling.
 The hobbit hits!
 The hobbit swings his sling.
 The hobbit misses!
 You see here a gray stone.
 The hobbit picks up a gray stone.
 The hobbit shoots a gray stone!
 You are almost hit by a gray stone.
 The hobbit shoots a gray stone!
 You are hit by a gray stone.
 The hobbit picks up a gray stone.
 The door resists!
 The door opens.
 The hobbit shoots a gray stone!
 You are hit by a gray stone.
 The giant ant bites!
 The giant bat bites!
 The giant bat bites!
 The giant ant bites!
 You smite the giant ant!
 The giant bat bites!
 The giant ant bites!
 The giant bat bites!
 You are beginning to feel hungry.
 You kill the giant ant!
 The giant bat bites!
 The hobbit shoots a gray stone!
 You are hit by a gray stone.
 You hear the wailing of the Banshee...
 The giant bat bites!
 You die...
 Do you want your possessions identified? [ynq] (y) n
 Do you want to see your attributes? [ynq] (y) n
 Do you want an account of creatures vanquished? [ynaq] (y) n
 Do you want to see your conduct and achievements? [ynq] (y) n
 Do you want to see the dungeon overview? [ynq] (y) n

Inventory:
 Coins    ('$')
  $ - 80 gold pieces
 Weapons  (')')
  q - 6 +0 arrows
  u - 7 +0 darts
  m - 2 +0 daggers
  i - 2 +0 orcish daggers
  v - a +0 aklys
  a - a +0 battle-axe (weapon in hands)
  b - a +0 short sword (alternate weapon; not wielded)
 Armor    ('[')
  h - an uncursed +0 orcish helm
  f - an uncursed +0 chain mail
  c - an uncursed +0 ring mail (being worn)
 Comestibles  ('%')
  y - an uncursed partly eaten giant ant corpse
 Scrolls  ('?')
  e - an uncursed scroll of confuse monster
 Potions  ('!')
  r - an uncursed potion of healing
  x - a blessed potion of sickness
  t - a potion of holy water
 Rings    ('=')
  s - a blessed +1 ring of gain constitution
 Gems/Stones  ('*')
  k - an uncursed worthless piece of yellowish brown glass
  j - 10 uncursed rocks

01246791210 the Barbarian's attributes:

Background:
 You were a Pillager, a level 5 male human Barbarian.
 You were neutral, nominally on a mission for Crom
 who was opposed by Mitra (lawful) and Set (chaotic).
 You were right-handed.
 You were in the Dungeons of Doom, on level 5.
 You entered the dungeon 3462 turns ago.
 You had 195 experience points, 125 more were needed to attain level 6.

Basics:
 You had 0 out of 45 hit points.
 You had all 11 energy points (spell power).
 Your armor class was 7.
 Your wallet contained 80 zorkmids.
 Autopickup was off.

Final Characteristics:
 Your strength was 18/01 (peak:18/02, limit:18/100).
 Your dexterity was 17 (limit:18).
 Your constitution was 18 (limit:18).
 Your intelligence was 7 (limit:18).
 Your wisdom was 7 (limit:18).
 Your charisma was 7 (limit:18).

Final Status:
 You were hungry.
 You were unencumbered.
 You were wielding an axe.
 You had basic skill with axe.

Final Attributes:
 You were piously aligned.
 You were poison resistant.
 You were warded.
 You are dead.

Miscellaneous:
 You didn't encounter any bones levels.
 Total elapsed playing time was 33 minutes and 59 seconds.

Major events:
 Turn
    1: 01246791210 the neutral male human Barbarian entered the dungeon
 1508: attained the rank of Pillager (level 3)
 2475: entered the Gnomish Mines
 3462: killed by a giant bat

You didn't know any spells.

Skills:
 Fighting Skills
   bare handed combat [Basic]
   two weapon combat  [Unskilled]
   riding             [Unskilled]
 Weapon Skills
   dagger             [Unskilled]
   axe                [Basic]
   pick-axe           [Unskilled]
   short sword        [Basic]
   broadsword         [Unskilled]
   long sword         [Unskilled]
   two-handed sword   [Unskilled]
   saber              [Unskilled]
   club               [Unskilled]
   mace               [Unskilled]
   morning star       [Unskilled]
   flail              [Unskilled]
   hammer             [Unskilled]
   quarterstaff       [Unskilled]
   spear              [Unskilled]
   trident            [Unskilled]
   bow                [Unskilled]
 Spellcasting Skills
   attack spells      [Unskilled]
   escape spells      [Unskilled]

Voluntary challenges:
 Character rerolling was not enabled.
 You were an atheist.
 You were illiterate.
 You never genocided any monsters.
 You never polymorphed an object.
 You never changed form.
 You used no wishes.
Achievements:
 You entered a shop.
 You attained the rank of Pillager.
 You entered the Gnomish Mines.

 The Dungeons of Doom: levels 1 to 5
    Level 1:
    Level 2:
       An armor shop, a fountain.
       Stairs down to The Gnomish Mines.
    Level 3:
    Level 4:
    Level 5: <- You were here.
       Final resting place for
          you, killed by a giant bat.
 The Gnomish Mines:
    Level 3:


Vanquished creatures:
  a pony
  2 gnome leaders
  a kobold mummy
  2 giant ants
  a floating eye
 an acid blob
  2 hobbits
  a giant rat
  a brown mold
  6 gnomes
  2 garter snakes
  2 geckos
  a jackal
  a fox
  2 kobolds
  5 goblins
  5 sewer rats
  6 grid bugs
  3 lichens
  2 kobold zombies
 12 newts
59 creatures vanquished.

No species were genocided or became extinct.

Game over:
                       ----------
                      /          \
                     /    REST    \
                    /      IN      \
                   /     PEACE      \
                  /                  \
                  |   01246791210    |
                  |      80 Au       |
                  |   killed by a    |
                  |    giant bat     |
                  |                  |
                  |                  |
                  |       2026       |
                 *|     *  *  *      | *
        _________)/\\_//(\/(/\)/\//\/|_)_______

Goodbye 01246791210 the Barbarian...

You died in The Dungeons of Doom on dungeon level 5 with 1052 points,
and 80 pieces of gold, after 3462 moves.
You were level 5 with a maximum of 45 hit points when you died.

